 Dungeon Crawl Stone Soup version 0.22.1-2-g9c5b331 (webtiles) character file.

96647 delarado the Devastator (level 15, 0/92 HPs)
             Began as a Deep Elf Fire Elementalist on Jan 3, 2019.
             Was the Champion of Vehumet.
             Slain by an emperor scorpion (16 damage)
             ... on level 2 of the Spider Nest on Jan 6, 2019.
             The game lasted 03:17:26 (37921 turns).

delarado the Devastator (DEFE)                     Turns: 37921, Time: 03:17:26

Health: 0/92       AC: 11    Str:  5    XL:     15   Next: 69%
Magic:  11/30      EV: 24    Int: 30    God:    Vehumet [******]
Gold:   1993       SH:  0    Dex: 21    Spells: 6/33 levels left

rFire    + . .     SeeInvis .   V - +9 falchion of Epnon {flame, rPois rC+ Dex+2}
rCold    + . .     Gourm    .   (no shield)
rNeg     . . .     Faith    +   E - +2 robe {Archmagi}
rPois    +         Spirit   .   p - +0 helmet {Int+3}
rElec    +         Reflect  .   h - +0 cloak
rCorr    .         Harm     .   (no gloves)
MR       +....                  M - +1 pair of boots "Umopea" {rElec rC+ Dex+4 Slay+3}
Stlth    ++........             r - amulet of faith
HPRegen  0.25/turn              q - +3 ring of protection
MPRegen  0.22/turn              P - ring of fire

@: no status effects
A: no striking features
a: Renounce Religion


You were on level 2 of the Spider Nest.
You worshipped Vehumet.
Vehumet was exalted by your worship.
You were not hungry.

You visited 5 branches of the dungeon, and saw 26 of its levels.

You collected 2632 gold pieces.
You spent 639 gold pieces at shops.

Inventory:

Hand Weapons
 v - a +2 dagger of electrocution
 V - the +9 falchion of Epnon (weapon) {flame, rPois rC+ Dex+2}
   (You found it on level 2 of the Lair of Beasts)

   It has been specially enchanted to burn those struck by it, causing extra
   injury to most foes and up to half again as much damage against particularly
   susceptible opponents.
   Big, fiery blades are also staple armaments of hydra-hunters.
   It affects your dexterity (+2).
   It protects you from cold.
   It protects you from poison.
Missiles
 d - 3 tomahawks of returning
 R - 11 javelins (quivered)
Armour
 h - a +0 cloak (worn)
 p - a +0 helmet of intelligence (worn)
 E - a +2 robe of the Archmagi (worn)
 M - the +1 pair of boots "Umopea" (worn) {rElec rC+ Dex+4 Slay+3}
   (You found it on level 15 of the Dungeon)

   It affects your dexterity (+4).
   It affects your accuracy and damage with ranged weapons and melee attacks
   (+3).
   It protects you from cold.
   It insulates you from electricity.
 S - a +0 buckler
Jewellery
 q - a +3 ring of protection (left hand)
 r - an amulet of faith (around neck)
 P - a ring of fire (right hand)
Wands
 e - a wand of iceblast (16)
 l - a wand of paralysis (6)
 H - a wand of clouds (5)
 J - a wand of scattershot (6)
 W - a wand of flame (46)
 X - a wand of disintegration (12)
Scrolls
 a - 3 scrolls of fog
 j - 5 scrolls of fear
 n - 7 scrolls of magic mapping
 o - 13 scrolls of teleportation
 s - a scroll of summoning {unknown}
 t - 2 scrolls of enchant weapon
 x - 6 scrolls of remove curse
 z - a scroll of brand weapon {unknown}
 A - 3 scrolls of blinking
 C - a scroll of holy word {unknown}
 G - a scroll of vulnerability
 U - a scroll of enchant armour {unknown}
Potions
 b - 4 potions of agility
 f - 6 potions of haste
 i - 3 potions of lignification
 k - a potion of brilliance {unknown}
 m - 2 potions of ambrosia
 w - 6 potions of curing
 D - 5 potions of resistance
 F - a potion of invisibility
 K - 2 potions of cancellation
 Q - 2 potions of mutation
 Y - 2 potions of heal wounds
 Z - a potion of magic
Miscellaneous
 I - a box of beasts
 T - a lamp of fire
Comestibles
 c - 13 rations
 g - 5 chunks of flesh


   Skills:
 + Level 9.8 Fighting
 + Level 13.6 Dodging
 - Level 2.4 Stealth
 + Level 3.6 Shields
 + Level 9.7 Spellcasting
 - Level 15.2 Conjurations
 - Level 10.0 Summonings
 - Level 3.2 Transmutations
 - Level 14.2 Fire Magic
 - Level 3.0 Ice Magic
 - Level 3.2 Earth Magic


You had 6 spell levels left.
You knew the following spells:

 Your Spells              Type           Power        Failure   Level  Hunger
a - Bolt of Cold          Conj/Ice       #######...   3%          6    #####..
b - Conjure Flame         Conj/Fire      ########     1%          3    None
c - Sticky Flame          Conj/Fire      ########     1%          4    None
d - Fireball              Conj/Fire      ########..   1%          5    ###....
e - Passwall              Tmut/Erth      ######..     1%          2    None
f - Spellforged Servitor  Conj/Summ      #######...   4%          7    ######.

Your spell library contained the following spells:

 Spells                   Type           Power        Failure   Level  Hunger
 Lehudib's Crystal Spear  Conj/Erth      #######...   75%         8    #######
 Fire Storm               Conj/Fire      ########..   88%         9    #######
 Chain Lightning          Conj/Air       ######....   92%         8    #######
 Flame Tongue             Conj/Fire      #####        0%          1    None
 Magic Dart               Conj           ####         0%          1    None
 Searing Ray              Conj           ######       0%          2    None
 Throw Flame              Conj/Fire      ######       0%          2    None
 Beastly Appendage        Tmut           ######       1%          1    None
 Sticks to Snakes         Tmut           ######..     1%          2    None
 Dazzling Spray           Conj/Hex       ######       1%          3    None
 Ignite Poison            Fire/Tmut/Pois #######.     1%          3    None
 Inner Flame              Hex/Fire       #######.     1%          3    None
 Static Discharge         Conj/Air       ######..     1%          3    None
 Force Lance              Conj/Tloc      ######..     1%          4    None
 Fulminant Prism          Conj/Hex       ######....   1%          4    None
 Iskenderun's Mystic Bla  Conj           ########     1%          4    None
 Irradiate                Conj/Tmut      #######...   1%          5    ###....
 Lightning Bolt           Conj/Air       ######....   1%          5    ###....
 Animate Skeleton         Necr           N/A          3%          1    None
 Confusing Touch          Hex            ###...       3%          1    None
 Pain                     Necr           ###.         3%          1    None
 Corpse Rot               Necr           N/A          5%          2    None
 Sublimation of Blood     Necr           ###.......   5%          2    None
 Spider Form              Tmut/Pois      #####.....   5%          3    None
 Ice Form                 Ice/Tmut       ######..     10%         4    None
 Petrify                  Tmut/Erth      ######..     10%         4    None
 Confuse                  Hex            ###.....     11%         3    None
 Gell's Gravitas          Tloc           ###.......   11%         3    None
 Regeneration             Chrm/Necr      ###.......   11%         3    None
 Vampiric Draining        Necr           ###.......   11%         3    None
 Yara's Violent Unravell  Hex/Tmut       #####.....   13%         5    ###....
 Blade Hands              Tmut           ######....   26%         5    ###....
 Animate Dead             Necr           N/A          34%         4    None
 Borgnjor's Vile Clutch   Necr/Erth      #####.....   45%         5    ###....
 Metabolic Englaciation   Hex/Ice        #####.....   47%         5    ###....
 Ignition                 Fire           ########..   17%         8    #######
 Shatter                  Erth           ######....   100%        9    #######
 Tornado                  Air            ###.......   100%        9    #######


Dungeon Overview and Level Annotations

Branches:
Dungeon (15/15)            Temple (1/1) D:5            Lair (6/6) D:10
 Shoals (0/4) Lair:3       Spider (2/4) Lair:3        Slime (0/5) Lair:5
    Orc (2/2) D:11            Elf (0/3) Orc:2        Vaults (0/5) D:14
 Depths (0/5) D:15

Altars:
Ashenzari
Cheibriados
Dithmenos
Elyvilon
Fedhas
Gozag
Hepliaklqana
Kikubaaqudgha
Makhleb
Nemelex Xobeh
Okawaru
Qazlal
Ru
Sif Muna
Trog
Uskayaw
Vehumet
Wu Jian
Xom
Yredelemnul
Zin
The Shining One
Beogh
Jiyva

Shops:
D:14 (   Orc:1 [   Orc:2 ?([*

Annotations:
D:5 1 runed door, JustSomeDude's ghost, amateur VSAs; Sigmund
D:9 3 exclusions
D:13 exclusion: ugly thing


Message History

The wolf spider barely misses you. The wolf spider misses you.
The emperor scorpion completely misses you.
You riposte.
You hit the emperor scorpion but do no damage.
The emperor scorpion is severely wounded.
The emperor scorpion claws you. x2
* * * LOW HITPOINT WARNING * * *
Casting: Sticky Flame (safe; 1% risk of failure)
Confirm with . or Enter, or press ? or * to list all spells.
Aiming: Fireball (safe; 1% risk of failure)
Press: ? - help, Shift-Dir - straight line, p - wolf spider You feel a strong surge of power!
The fireball explodes!
The fireball engulfs the emperor scorpion.
The emperor scorpion is almost dead.
The emperor scorpion burns!
The emperor scorpion stops burning.
The wolf spider burns!
The wolf spider hits you!
* * * LOW HITPOINT WARNING * * *
The wolf spider bites you but does no damage.
The emperor scorpion stings you!
You die...

##......######....# ##.
#.....#### #.....# ##
#...####.####..### #
#......#....#...##
###..............#
#####...........## .
####.............^##
..#...........s#...##
..............#@....###
.......#..#...s.....#.#
........###...........# ##
#............##...#...##### ###.
.....^.......#^##[##..##..###..>
.........#......#..##....†..#...
....#.#.###.....##..#..........#
.##.#####..........(...........#
# #.^.##.................##


You could see an emperor scorpion and a wolf spider (burning).

Vanquished Creatures
  Rupert (D:14)
  Azrael (Spider:1)
  Snorg (Lair:3)
  Fannar (D:11)
  5 hydras
  Erica (Orc:1)
  5 centaur warriors
  13 two-headed ogres
  A death knight (D:15)
  4 ogre magi
  A queen ant (Spider:1)
  3 unseen horrors
  2 wolf spider zombies
  A wizard (D:15)
  2 orc sorcerers
  An orb spider (Spider:2)
  3 cyclopes
  5 wolf spiders
  2 ugly things
  A manticore (D:12)
  An ice statue (D:10)
  A naga mage (D:15)
  3 gargoyles
  2 black mambas
  7 spiny frogs
  2 rime drakes
  5 komodo dragons (Lair:2)
  5 freezing wraiths
  2 trolls
  A wind drake (Lair:6)
  A tengu conjurer (D:13)
  3 jumping spiders
  A polar bear (Lair:1)
  Prince Ribbit (D:8)
  7 slime creatures
  4 blink frogs (Lair:1)
  3 hippogriffs
  5 tarantellas
  4 shadows
  4 wyverns
  2 wraiths (D:15)
  36 yaks
  8 redbacks
  A vampire (D:11)
  3 hogs (D:7)
  A fire elemental (Spider:1)
  2 basilisks
  10 humans
  3 hungry ghosts
  5 soldier ants (Spider:1)
  An acid dragon (D:14)
  3 wargs
  20 water moccasins
  2 hell hounds (Spider:1)
  11 porcupines
  5 ice beasts
  14 orc warriors
  An eye of draining (shapeshifter) (D:13)
  4 sky beasts
  2 black bears
  2 phantoms
  A necrophage (D:5)
  16 centaurs
  11 ogres
  6 wolves (Lair:3)
  2 big kobolds
  9 crocodiles
  10 bullfrogs
  2 wyvern skeletons (D:12)
  6 scorpions
  13 killer bees
  8 wights
  4 electric eels
  4 howler monkeys
  4 centaur zombies
  9 crimson imps
  2 bullfrog zombies (D:12)
  A quasit (D:12)
  10 hounds
  4 jellies
  2 centaur skeletons
  12 orc priests
  19 orc wizards
  3 bullfrog skeletons
  3 iguanas
  16 worker ants
  A hound zombie (D:8)
  2 hound skeletons (D:10)
  11 gnolls
  A howler monkey skeleton (D:7)
  8 adders
  4 shadow imps
  An ooze (D:2)
  6 worms
  2 dart slugs (D:1)
  3 leopard geckos
  69 orcs
  9 giant cockroaches
  5 goblins
  14 hobgoblins
  9 jackals
  12 kobolds
  6 quokkas
  5 bats
  6 frilled lizards
  A giant cockroach zombie (D:6)
  A leopard gecko skeleton (D:7)
  A quokka zombie (D:5)
  6 rats (D:1)
  A fungus (Lair:1)
613 creatures vanquished.

Vanquished Creatures (collateral kills)
  2 entropy weavers (Spider:1)
  Josephine (D:15)
  An ogre mage (Orc:2)
  An ice dragon (Lair:6)
  4 hydras
  2 centaur warriors
  10 two-headed ogres
  A merfolk avatar (Lair:6)
  A death knight (D:15)
  A tengu warrior (D:13)
  2 sea snakes (Lair:6)
  2 harpies (Lair:6)
  2 orc knights
  A deep elf mage (D:15)
  An orc sorcerer (Orc:1)
  A manticore (D:13)
  14 ugly things
  2 cyclopes
  6 elephants
  An ice statue (Lair:6)
  A spiny frog (Lair:6)
  A torpor snail (Lair:5)
  4 rime drakes (Lair:6)
  2 demonic crawlers (Spider:1)
  An efreet (D:14)
  A komodo dragon (Lair:6)
  6 polar bears (Lair:6)
  3 meliai (D:15)
  A hornet (Lair:6)
  A slime creature (D:15)
  A shadow (D:15)
  4 wyverns (Lair:6)
  7 redbacks (Spider:1)
  6 wraiths
  15 yaks
  A tarantella (shapeshifter) (D:14)
  A tarantella (Spider:1)
  6 humans
  2 fire elementals (Spider:1)
  2 vampire mosquitoes (D:15)
  12 soldier ants (Spider:1)
  An acid dragon (D:13)
  3 water moccasins (Lair:6)
  2 hell hounds (Spider:1)
  9 orc warriors (Orc:2)
  A porcupine (Lair:5)
  4 ice beasts (Lair:6)
  14 ogres (Orc:2)
  2 centaurs
  7 crocodiles (Lair:6)
  A bullfrog (Lair:4)
  3 wights (D:14)
  An electric eel (D:12)
  A jelly (D:12)
  4 orc priests
  9 worker ants (Spider:1)
  5 orc wizards (Orc:2)
  6 white imps (Lair:6)
  13 orcs (Orc:2)
  2 fungi (Lair:6)
  3 plants
225 creatures vanquished.

Vanquished Creatures (others)
  2 tarantellas (Spider:1)
  A human (D:14)
  6 fungi
  7 plants (Lair:6)
16 creatures vanquished.

Grand Total: 854 creatures vanquished

Notes
Turn   | Place    | Note
-------+----------+-------------------------------------------
     0 | D:1      | delarado the Deep Elf Fire Elementalist began the quest for
                  | the Orb.
     0 | D:1      | Reached XP level 1. HP: 10/10 MP: 6/6
   168 | D:1      | Reached XP level 2. HP: 15/15 MP: 4/8
   210 | D:1      | Reached skill level 2 in Conjurations
   560 | D:1      | Reached XP level 3. HP: 19/19 MP: 5/9
   780 | D:1      | Found a sparkling altar of Nemelex Xobeh.
  1346 | D:2      | Reached skill level 3 in Conjurations
  1499 | D:2      | Reached XP level 4. HP: 24/24 MP: 6/10
  1504 | D:2      | Learned a level 3 spell: Conjure Flame
  2654 | D:3      | Found a bloodstained altar of Trog.
  2786 | D:3      | Found a radiant altar of Vehumet.
  2796 | D:3      | Became a worshipper of Vehumet
  3362 | D:4      | Reached skill level 5 in Fire Magic
  3362 | D:4      | Reached XP level 5. HP: 28/28 MP: 4/11
  3470 | D:4      | Reached skill level 4 in Conjurations
  3818 | D:4      | Reached XP level 6. HP: 32/32 MP: 1/12
  4088 | D:4      | Reached skill level 5 in Conjurations
  4336 | D:5      | Entered Level 5 of the Dungeon
  4336 | D:5      | Found an iron altar of Okawaru.
  4407 | D:5      | Learned a level 4 spell: Sticky Flame
  4527 | D:5      | Found a blossoming altar of Fedhas.
  4916 | D:5      | Reached XP level 7. HP: 15/36 MP: 6/13
  5134 | D:5      | Reached skill level 6 in Conjurations
  5362 | D:5      | Reached * piety under Vehumet
  5362 | D:5      | Offered knowledge of Sandblast by Vehumet.
  5483 | D:5      | Found a staircase to the Ecumenical Temple.
  5492 | Temple   | Entered the Ecumenical Temple
  5727 | D:5      | Found a basalt altar of Yredelemnul.
  5874 | D:5      | Reached skill level 7 in Conjurations
  5970 | D:5      | Found a runed door.
  5971 | D:5      | Noticed JustSomeDude's ghost (amateur VSAs)
  5996 | D:5      | Reached XP level 8. HP: 41/41 MP: 11/14
  6174 | D:5      | Found an opulent altar of Gozag.
  6174 | D:5      | Found a hazy altar of Hepliaklqana.
  6279 | D:5      | Found a glowing silver altar of Zin.
  6282 | D:5      | Found a sparkling altar of Nemelex Xobeh.
  6406 | D:5      | Noticed Sigmund
  6510 | D:5      | Learned a level 5 spell: Fireball
  6512 | D:6      | Reached ** piety under Vehumet
  6512 | D:6      | Offered knowledge of Throw Frost by Vehumet.
  6513 | D:6      | Reached skill level 8 in Conjurations
  7149 | D:6      | Offered knowledge of Mephitic Cloud by Vehumet.
  7719 | D:6      | Reached *** piety under Vehumet
  7873 | D:7      | Reached skill level 9 in Conjurations
  8030 | D:7      | Reached XP level 9. HP: 38/45 MP: 6/15
  8348 | D:7      | Reached skill level 10 in Fire Magic
  8429 | D:7      | Reached skill level 10 in Conjurations
  8535 | D:7      | Offered knowledge of Static Discharge by Vehumet.
  9685 | D:8      | Noticed a two-headed ogre
  9688 | D:8      | Killed a two-headed ogre
  9688 | D:8      | Reached skill level 11 in Conjurations
  9688 | D:8      | Reached XP level 10. HP: 50/50 MP: 0/16
 10117 | D:8      | Noticed Prince Ribbit
 10124 | D:8      | Killed Prince Ribbit
 10356 | D:8      | Reached **** piety under Vehumet
 10489 | D:8      | Noticed a two-headed ogre
 10507 | D:8      | Killed a two-headed ogre
 10672 | D:8      | Offered knowledge of Airstrike by Vehumet.
 10788 | D:8      | Found a blossoming altar of Fedhas.
 11071 | D:8      | Found an iron altar of Okawaru.
 11343 | D:8      | Identified the Reference Book on Unstable Evil Secrets
 11348 | D:8      | Learned a level 2 spell: Passwall
 11425 | D:9      | Reached skill level 12 in Conjurations
 11621 | D:9      | Reached skill level 1 in Transmutations
 11621 | D:9      | Reached skill level 1 in Earth Magic
 12473 | D:9      | Reached XP level 11. HP: 49/54 MP: 10/17
 12507 | D:9      | Noticed a two-headed ogre
 12517 | D:9      | Killed a two-headed ogre
 12536 | D:9      | Noticed a skeletal warrior
 12984 | D:9      | Reached ***** piety under Vehumet
 13116 | D:9      | Found a sacrificial altar of Ru.
 13338 | D:10     | Entered Level 10 of the Dungeon
 13340 | D:10     | Noticed an unseen horror
 13341 | D:10     | Killed an unseen horror
 13552 | D:10     | Offered knowledge of Freezing Cloud by Vehumet.
 13638 | D:10     | Reached skill level 13 in Conjurations
 13783 | D:10     | Found a staircase to the Lair.
 13788 | D:10     | Noticed an unseen horror
 13790 | D:10     | Killed an unseen horror
 15469 | Lair:1   | Entered Level 1 of the Lair of Beasts
 15609 | Lair:1   | Noticed a five-headed hydra
 15823 | D:11     | Noticed Fannar
 15844 | D:11     | Killed Fannar
 16067 | D:11     | Found a staircase to the Orcish Mines.
 16781 | D:11     | Found an ornate altar of the Wu Jian Council.
 16869 | D:11     | Reached skill level 14 in Conjurations
 17077 | Orc:1    | Entered Level 1 of the Orcish Mines
 17259 | Orc:1    | Found Voppueme's Armour Shop.
 17386 | Orc:1    | Reached skill level 5 in Spellcasting
 17386 | Orc:1    | Reached XP level 12. HP: 40/60 MP: 18/21
 17753 | Orc:1    | Noticed Erica
 17757 | Orc:1    | Killed Erica
 17757 | Orc:1    | Reached skill level 1 in Fighting
 18919 | D:12     | Offered knowledge of Spellforged Servitor by Vehumet.
 18928 | D:12     | Learned a level 7 spell: Spellforged Servitor
 19122 | D:12     | Reached skill level 1 in Summonings
 19129 | D:12     | Noticed an eight-headed hydra
 19245 | D:12     | Reached skill level 5 in Dodging
 19675 | Lair:1   | Killed a five-headed hydra
 20033 | Lair:1   | Reached skill level 5 in Summonings
 21600 | Lair:2   | Got an ebony falchion
 21601 | Lair:2   | Identified the +9 falchion of Epnon {flame, rPois rC+
                  | Dex+2} (You found it on level 2 of the Lair of Beasts)
 22415 | Lair:3   | Reached XP level 13. HP: 68/68 MP: 21/25
 22419 | Lair:3   | Noticed Snorg
 22592 | Lair:3   | Found a staircase to the Shoals.
 23129 | Lair:3   | Killed Snorg
 23197 | Lair:3   | Found a hole to the Spider Nest.
 24190 | Lair:4   | Reached skill level 15 in Conjurations
 24442 | Lair:4   | Reached skill level 10 in Summonings
 24940 | Lair:5   | Found a staircase to the Slime Pits.
 24941 | Lair:5   | Found a viscous altar of Jiyva.
 25214 | Lair:5   | Offered knowledge of Conjure Ball Lightning by Vehumet.
 27061 | D:13     | Reached skill level 5 in Fighting
 27916 | D:14     | Found a gate to the Vaults.
 27916 | D:14     | Noticed Rupert
 28148 | Orc:2    | Entered Level 2 of the Orcish Mines
 28409 | Orc:2    | Found a staircase to the Elven Halls.
 28557 | Orc:2    | Offered knowledge of Bolt of Draining by Vehumet.
 28562 | Orc:2    | Found a roughly hewn altar of Beogh.
 28979 | Orc:2    | Reached XP level 14. HP: 79/79 MP: 19/26
 29059 | Orc:2    | Found a roughly hewn altar of Beogh.
 29087 | Orc:2    | Found Uckuufoi's Magic Scroll Shoppe.
 29087 | Orc:2    | Found Ewourilu's Armour Boutique.
 29091 | Orc:2    | Reached skill level 10 in Dodging
 29097 | Orc:2    | Found Asmib's Antique Weapon Boutique.
 29097 | Orc:2    | Found Afrael's Assorted Antiques.
 29296 | Orc:2    | Bought a scroll of teleportation for 93 gold pieces
 29296 | Orc:2    | Bought a silvery potion for 27 gold pieces
 29296 | Orc:2    | Bought a scroll of identify for 62 gold pieces
 29296 | Orc:2    | Bought a scroll of immolation for 108 gold pieces
 29296 | Orc:2    | Bought a scroll labeled YTIBIS ZAGIA for 31 gold pieces
 29299 | Orc:2    | Bought 2 scrolls of fog for 48 gold pieces
 29299 | Orc:2    | Bought a scroll of amnesia for 42 gold pieces
 29299 | Orc:2    | Bought a scroll of amnesia for 42 gold pieces
 29299 | Orc:2    | Bought a scroll of blinking for 90 gold pieces
 29299 | Orc:2    | Bought a scroll of teleportation for 36 gold pieces
 29299 | Orc:2    | Bought a scroll of teleportation for 36 gold pieces
 29299 | Orc:2    | Bought a scroll of identify for 24 gold pieces
 29653 | Lair:6   | Entered Level 6 of the Lair of Beasts
 29751 | Lair:6   | Reached ****** piety under Vehumet
 29993 | Lair:6   | Offered knowledge of Poison Arrow by Vehumet.
 31651 | D:14     | Killed Rupert
 31809 | D:14     | Offered knowledge of Bolt of Cold by Vehumet.
 32488 | D:14     | Learned a level 6 spell: Bolt of Cold
 32703 | D:14     | Reached XP level 15. HP: 52/90 MP: 23/28
 32964 | D:14     | Reached skill level 1 in Ice Magic
 33317 | D:14     | Found Ownielap's Weapon Shop.
 33484 | D:15     | Entered Level 15 of the Dungeon
 33896 | D:15     | Got a pair of twisted boots
 33925 | D:15     | Reached skill level 1 in Shields
 34440 | D:15     | Identified the +1 pair of boots "Umopea" {rElec rC+ Dex+4
                  | Slay+3} (You found it on level 15 of the Dungeon)
 34758 | D:15     | Offered knowledge of Ozocubu's Refrigeration by Vehumet.
 34825 | D:15     | Noticed Josephine
 34832 | D:15     | Killed Josephine
 35469 | D:15     | Found a staircase to the Depths.
 35709 | Spider:1 | Entered Level 1 of the Spider Nest
 37035 | Spider:1 | Got a twisted spear
 37036 | Spider:1 | Identified the +0 spear of Sunlight {flame, +Rage rN+
                  | Stlth+} (You found it on level 1 of the Spider Nest)
 37260 | Spider:1 | Noticed Azrael
 37273 | Spider:1 | Offered knowledge of Lehudib's Crystal Spear by Vehumet.
 37273 | Spider:1 | Offered knowledge of Fire Storm by Vehumet.
 37273 | Spider:1 | Offered knowledge of Chain Lightning by Vehumet.
 37278 | Spider:1 | Killed Azrael
 37921 | Spider:2 | Slain by an emperor scorpion

Skill      XL: |  1  2  3  4  5  6  7  8  9 10 11 12 13 14 15 |
---------------+----------------------------------------------+-----
Conjurations   | 2 3 4 5 7 9 11 12 14 15 | 15.2
Fire Magic     | 4 5 6 7 9 11 12 14 | 14.2
Transmutations | 2 3 |  3.2
Earth Magic    | 2 3 |  3.2
Spellcasting   | 5 6 7 9 |  9.7
Fighting       | 2 5 9 |  9.8
Dodging        | 5 8 12 13 | 13.6
Summonings     | 8 10 | 10.0
Ice Magic      | 3 |  3.0
Shields        | 3 |  3.6
Stealth        | |  2.4

Action                   |  1- 3 |  4- 6 |  7- 9 | 10-12 | 13-15 || total
-------------------------+-------+-------+-------+-------+-------++-------
Melee: Dagger            |       |       |    52 |    69 |       ||   121
       Falchion          |       |       |       |     9 |   165 ||   174
Throw: Stone             |    14 |    43 |    27 |    46 |       ||   130
       Javelin           |       |       |       |    11 |    18 ||    29
 Cast: Flame Tongue      |    68 |   127 |   100 |   361 |       ||   656
       Conjure Flame     |       |     6 |     4 |     8 |     3 ||    21
       Sticky Flame      |       |     1 |    22 |   112 |   102 ||   237
       Fireball          |       |       |    19 |    67 |   134 ||   220
       Passwall          |       |       |       |     2 |       ||     2
       Spellforged Servi |       |       |       |       |    68 ||    68
       Bolt of Cold      |       |       |       |       |    14 ||    14
Evoke: Wand              |       |       |     1 |     1 |     5 ||     7
       Lamp of fire      |       |       |       |     1 |     1 ||     2
  Use: Scroll            |     1 |     5 |     5 |     5 |    13 ||    29
       Potion            |       |     1 |       |     1 |     4 ||     6
 Stab: Fleeing           |       |       |       |       |     1 ||     1
  Eat: Chunk             |     2 |     7 |    12 |    38 |    82 ||   141
       Ration            |       |     1 |     4 |    10 |    11 ||    26
Armor: Robe              |     2 |     9 |    23 |    59 |    92 ||   185
Dodge: Dodged            |     7 |    20 |    54 |   140 |   406 ||   627
       Rpst.: Falchion   |       |       |       |     2 |   107 ||   109
